 Dungeon Crawl Stone Soup version 0.20.0-1-g1cb1d84 (webtiles) character file.

14095 Monsterracer the Basher (level 12, -5/73 HPs)
             Began as a Gargoyle Fighter on May 27, 2017.
             Was a High Priest of Okawaru.
             Impaled on a porcupine's spines (12 damage)
             ... on level 1 of the Lair of Beasts.
             The game lasted 00:27:38 (13114 turns).

Monsterracer the Basher (Gargoyle Fighter)         Turns: 13114, Time: 00:27:38

Health: -5/73      AC: 24    Str: 21    XL:     12   Next: 12%
Magic:  16/17      EV: 15    Int:  9    God:    Okawaru [*****.]
Gold:   697        SH: 13    Dex: 13    Spells: 6/11 levels left

rFire    + . .     SeeInvis .   d - +2 mace (crush)
rCold    . . .     Gourm    .   c - +0 shield
rNeg     + . .     Faith    .   n - +0 scale mail {rF+}
rPois    ∞         Spirit   .   u - +1 hat {MR+}
rElec    +         Reflect  .   j - +0 cloak
rCorr    +         Harm     .   a - +2 pair of gloves
MR       +....                  (no boots)
Stlth    +.........             (no amulet)
Regen    0.3/turn               k - ring of resist corrosion
MPRegen  0.2/turn               (no ring)

@: heroism
A: negative energy resistance 1, electricity resistance, unbreathing,
petrification resistance, rot immunity, AC +8
a: Heroism, Finesse, Renounce Religion


You were on level 1 of the Lair of Beasts.
You worshipped Okawaru.
Okawaru was extremely pleased with you.
You were not hungry.

You visited 3 branches of the dungeon, and saw 11 of its levels.

You collected 697 gold pieces.

Inventory:

Hand Weapons
 d - a +2 mace of crushing (weapon)
Armour
 a - a +2 pair of gloves (worn)
 c - a +0 shield (worn)
 j - a +0 cloak (worn)
 n - a +0 scale mail of fire resistance (worn)
 u - a +1 hat of magic resistance (worn)
Jewellery
 k - a ring of resist corrosion (left hand)
Wands
 m - a wand of confusion (21/48)
 p - a wand of iceblast (9/15)
 w - a wand of confusion (32/48)
Scrolls
 b - 4 scrolls of remove curse
 e - a scroll of amnesia
 i - 6 scrolls of identify
 l - 4 scrolls of teleportation
 o - a scroll of fog
 t - a scroll of enchant weapon
 v - a scroll of blinking
 y - a scroll of recharging
Potions
 g - 3 potions of haste
 h - 2 potions of might
 q - 2 potions of flight
 z - a potion of heal wounds
Comestibles
 f - 7 bread rations
 r - 5 royal jellies
 s - 3 fruits
 x - 2 meat rations
 A - 4 chunks of flesh


   Skills:
 + Level 7.8(12.8) Fighting
 * Level 12.5(17.5) Maces & Flails
 + Level 8.1(13.1) Armour
 + Level 5.4(10.4) Dodging
 + Level 7.9(12.9) Shields
 + Level 6.8 Invocations


You had 6 spell levels left.
You knew the following spells:

 Your Spells              Type           Power        Failure   Level  Hunger
a - Shroud of Golubria    Chrm/Tloc      #.........   86%         2    ###....
b - Spectral Weapon       Hex/Chrm       #.......     98%         3    ####...


Dungeon Overview and Level Annotations

Branches:
Dungeon (9/15)             Temple (1/1) D:5            Lair (1/6) D:9
    Orc (0/2) D:9

Altars:
Ashenzari
Cheibriados
Dithmenos
Elyvilon
Fedhas
Gozag
Hepliaklqana
Kikubaaqudgha
Makhleb
Nemelex Xobeh
Okawaru
Qazlal
Ru
Sif Muna
Trog
Uskayaw
Vehumet
Xom
Yredelemnul
Zin
The Shining One


Innate Abilities, Weirdness & Mutations

You are resistant to torment.
Your stone body is resilient. (AC +8)
You are immune to poison.
You resist negative energy. (rN+)
You are resistant to electric shocks. (rElec)
You can survive without breathing.
You are immune to petrification.
You are immune to rotting.


Message History

You are encased in ice.
You hit the rime drake.
The rime drake is severely wounded.
You thump the rime drake!
You kill the rime drake!
Okawaru accepts your kill. The ice encasing you melts away.
The porcupine completely misses you.
You hit the porcupine.
The porcupine is heavily wounded.
You are struck by the porcupine's spines.
* * * LOW HITPOINT WARNING * * *
You hit the porcupine but do no damage.
The porcupine is heavily wounded.
You block the porcupine's attack.
You barely miss the porcupine.
The porcupine is moderately wounded.
The porcupine bites you but does no damage.
You are struck by the porcupine's spines.
You die...

.. ... #...
####.... #.# ##
#.......
#....#.#####.......
#...r@......#
#.######....#
#...## ##..##
##...##.. ##
##........# .##
##.........# ..#
### #.....###..#
.##
#.#######.....##
..#


You could see a porcupine.

Vanquished Creatures
  Gastronok (D:9)
  3 two-headed ogres (D:8)
  3 death yaks (D:8)
  A komodo dragon (Lair:1)
  Psyche (D:9)
  2 rime drakes (Lair:1)
  4 hippogriffs
  Prince Ribbit (D:6)
  13 yaks
  2 water moccasins
  5 orc warriors
  4 sky beasts
  An ice beast (D:5)
  12 ogres
  2 centaurs
  2 phantoms (D:8)
  Blork the orc (D:6)
  A gnoll sergeant (D:7)
  3 bullfrogs
  4 scorpions
  9 killer bees
  2 howler monkeys (D:7)
  8 crimson imps
  A bullfrog zombie (D:8)
  A centaur zombie (D:6)
  2 centaur skeletons
  7 hounds
  3 jellies
  A bullfrog skeleton (D:5)
  Crazy Yiuf (D:2)
  3 orc priests
  Jessica (D:3)
  Ijyb (D:3)
  An iguana (D:7)
  4 worker ants
  8 orc wizards
  A killer bee zombie (D:6)
  2 hound zombies
  A hound skeleton (D:8)
  Robin (D:3)
  16 gnolls
  7 adders
  2 shadow imps
  2 oozes (D:1)
  2 adder skeletons
  An adder zombie (D:7)
  2 worms
  3 dart slugs
  8 leopard geckos
  33 orcs
  6 giant cockroaches
  10 goblins
  11 hobgoblins
  6 jackals
  6 quokkas
  A ball python (D:5)
  10 bats
  4 frilled lizards
  7 kobolds
  A leopard gecko skeleton (D:5)
  A quokka skeleton (D:7)
  6 rats
269 creatures vanquished.

Vanquished Creatures (others)
  A fire vortex (Lair:1)
1 creature vanquished.

Grand Total: 270 creatures vanquished

Notes
Turn   | Place    | Note
-------+----------+-------------------------------------------
     0 | D:1      | Monsterracer the Gargoyle Fighter began the quest for the Orb.
     0 | D:1      | Reached XP level 1. HP: 14/14 MP: 1/1
   127 | D:1      | Reached XP level 2. HP: 16/19 MP: 2/2
   325 | D:1      | Reached skill level 3 in Maces & Flails
   575 | D:1      | Reached XP level 3. HP: 23/23 MP: 3/3
  1163 | D:2      | Found a runed door.
  1186 | D:2      | Reached skill level 4 in Maces & Flails
  1295 | D:2      | Reached XP level 4. HP: 27/28 MP: 4/4
  1483 | D:2      | Reached skill level 5 in Maces & Flails
  1483 | D:2      | Reached XP level 5. HP: 32/32 MP: 5/5
  1920 | D:3      | Noticed Ijyb
  1928 | D:3      | Killed Ijyb
  1996 | D:3      | Noticed Jessica
  2001 | D:3      | Killed Jessica
  2059 | D:3      | Found a faded altar of an unknown god.
  2400 | D:3      | Noticed Robin
  2402 | D:3      | Reached skill level 6 in Maces & Flails
  2416 | D:3      | Killed Robin
  2416 | D:3      | Reached XP level 6. HP: 36/37 MP: 6/6
  3315 | D:4      | Reached skill level 7 in Maces & Flails
  3682 | D:5      | Entered Level 5 of the Dungeon
  3706 | D:5      | Reached XP level 7. HP: 41/41 MP: 7/7
  3986 | D:5      | Reached skill level 8 in Maces & Flails
  5044 | D:5      | Found a staircase to the Ecumenical Temple.
  5081 | Temple   | Entered the Ecumenical Temple
  5134 | Temple   | Became a worshipper of Warmaster Okawaru
  5367 | D:5      | Found a glowing golden altar of the Shining One.
  5446 | D:6      | Reached XP level 8. HP: 41/46 MP: 8/8
  5510 | D:6      | Reached skill level 9 in Maces & Flails
  5510 | D:6      | Reached skill level 1 in Dodging
  5535 | D:6      | Noticed Blork the orc
  5599 | D:6      | Killed Blork the orc
  5599 | D:6      | Reached skill level 1 in Invocations
  5847 | D:6      | Noticed Prince Ribbit
  6302 | D:6      | Reached * piety under Okawaru
  6742 | D:6      | Killed Prince Ribbit
  6742 | D:6      | Reached XP level 9. HP: 27/52 MP: 8/10
  7096 | D:2      | Noticed Crazy Yiuf
  7100 | D:2      | Killed Crazy Yiuf
  7364 | D:7      | Reached skill level 10 in Maces & Flails
  7386 | D:7      | Reached ** piety under Okawaru
  7416 | D:7      | Reached skill level 5 in Armour
  7626 | D:7      | Found a shadowy altar of Dithmenos.
  7632 | D:7      | Reached skill level 5 in Shields
  7728 | D:7      | Found a blossoming altar of Fedhas.
  7837 | D:7      | Reached skill level 5 in Fighting
  8069 | D:7      | Found a shattered altar of Ashenzari.
  8075 | D:7      | Found a hide-covered altar of Uskayaw.
  8386 | D:8      | Reached XP level 10. HP: 49/59 MP: 11/13
  8440 | D:8      | Found a stormy altar of Qazlal.
  8598 | D:8      | Found a shimmering altar of Xom.
  8599 | D:8      | Found a hazy altar of Hepliaklqana.
  8600 | D:8      | Noticed a spectral ugly thing
  8635 | D:8      | Reached *** piety under Okawaru
  8642 | D:8      | Noticed a two-headed ogre
  8656 | D:8      | Killed a two-headed ogre
  8922 | D:8      | Noticed a two-headed ogre
  8933 | D:8      | Killed a two-headed ogre
  8933 | D:8      | Reached skill level 11 in Maces & Flails
  9031 | D:8      | Reached **** piety under Okawaru
  9055 | D:8      | Noticed a two-headed ogre
  9070 | D:8      | Killed a two-headed ogre
  9070 | D:8      | Reached skill level 5 in Invocations
  9600 | D:9      | Noticed a death yak
  9601 | D:9      | Found a glowing silver altar of Zin.
  9604 | D:9      | Noticed a death yak
  9604 | D:9      | Found a staircase to the Lair.
  9605 | D:9      | Noticed a death yak
  9660 | D:8      | Killed a death yak
  9660 | D:8      | Reached XP level 11. HP: 14/66 MP: 11/15
  9990 | D:9      | Received a gift from Okawaru
 10082 | D:9      | Noticed Gastronok
 10113 | D:9      | Killed Gastronok
 10113 | D:9      | Reached ***** piety under Okawaru
 10120 | D:9      | Noticed Psyche
 10125 | D:9      | Killed Psyche
 10370 | D:8      | Killed a death yak
 10443 | D:8      | Reached skill level 12 in Maces & Flails
 10512 | D:8      | Killed a death yak
 10512 | D:8      | Reached skill level 5 in Dodging
 11207 | D:9      | Learned a level 2 spell: Shroud of Golubria
 11251 | D:9      | Learned a level 3 spell: Spectral Weapon
 11385 | D:9      | Found a staircase to the Orcish Mines.
 11901 | D:9      | Got a blackened leather armour
 11902 | D:9      | Identified the +2 leather armour of Supple Strength {rC+} (You found it on level 9 of the Dungeon)
 12035 | D:9      | Reached XP level 12. HP: 73/73 MP: 16/16
 12173 | Lair:1   | Entered Level 1 of the Lair of Beasts
 13114 | Lair:1   | Impaled on a porcupine's spines

Skill      XL: |  1  2  3  4  5  6  7  8  9 10 11 12 |
---------------+-------------------------------------+-----
Maces & Flails | 3 4 5 6 7 8 9 10 11 12 | 12.5
Dodging        | 2 3 4 5 |  5.4
Invocations    | 2 4 5 6 |  6.8
Shields        | 4 5 6 7 |  7.9
Armour         | 4 5 6 7 8 |  8.1
Fighting       | 4 5 6 7 |  7.8

Action                   |  1- 3 |  4- 6 |  7- 9 | 10-12 || total
-------------------------+-------+-------+-------+-------++-------
Melee: Flail             |   187 |    79 |       |       ||   266
       Mace              |       |   123 |   437 |   604 ||  1164
Invok: Heroism           |       |       |     7 |    16 ||    23
       Finesse           |       |       |       |     3 ||     3
Evoke: Wand              |       |       |     4 |       ||     4
  Use: Potion            |       |     4 |     3 |     4 ||    11
       Scroll            |       |     7 |     6 |     5 ||    18
  Eat: Chunk             |     2 |     7 |    10 |    16 ||    35
       Meat ration       |       |       |     1 |       ||     1
       Fruit             |       |       |       |     1 ||     1
Armor: Scale mail        |   101 |    82 |   188 |   149 ||   520
       Chain mail        |    12 |       |       |       ||    12
       Skin              |       |       |     8 |       ||     8
Dodge: Dodged            |    55 |    43 |   125 |   130 ||   353
Block: Shield            |   108 |    82 |   230 |   226 ||   646
